Stars vs Sharks

Created - 16 décembre 2019 at 12:53

Goals
1 2 3 T
Stars 0 0 1 1
Sharks 0 2 0 2
Shots
1 2 3 T
Stars 6 13 13 32
Sharks 7 12 4 23

1st period

No Goal

Penalties :
No Penalty

2nd period

1. Sharks , Gabriel Landeskog 11 (Alex Pietrangelo 15) at 17:10
2. Sharks , Dylan Larkin 11 (Teuvo Teravainen 10, Alex Pietrangelo 16) at 17:32

Penalties :
Mark Borowiecki (SJS) for Hooking (Minor) at 7:45

3rd period

3. Stars , Mikko Rantanen 17 (Adam Henrique 17) at 1:27

Penalties :
Jonathan Drouin (SJS) for Hooking (Minor) at 13:15

Goalie Stats

Jaroslav Halak (DAL), 21 saves from 23 shots - (0,913), L, 6-5-1, 60:00 minutes
Jake Allen (SJS), 31 saves from 32 shots - (0,969), W, 2-4-0, 60:00 minutes

Players Stats for Stars

Player Name              G  A  P  +/- PIM S  H  SB GA TA FO     MP     PP MP  PK MP  
------------------------------------------------------------------------------------
Adam Henrique            0  1  1   0  0   3  1  1  0  0  0/2    20:04   1:46   0:00 
Adam Pelech              0  0  0   1  0   0  1  1  0  0  0/0    11:44   0:00   0:00 
Alec Martinez            0  0  0  -2  0   1  4  0  0  0  0/0    23:22   1:27   0:00 
Alexander Radulov        0  0  0  -1  0   2  3  1  0  0  0/1    16:10   1:41   0:00 
Brandon Sutter           0  0  0   0  0   1  2  0  0  0  2/3    11:08   0:06   0:00 
Chris Tanev              0  0  0   0  0   1  1  1  0  2  0/0    23:06   1:47   0:00 
Danton Heinen            0  0  0   0  0   0  4  0  0  0  0/0    10:51   0:00   0:00 
Dion Phaneuf             0  0  0   1  0   2  1  1  0  0  0/0    12:23   0:07   0:00 
Dylan Strome             0  0  0   0  0   3  1  0  0  0  3/10   14:37   1:41   0:00 
Gabriel Bourque          0  0  0   0  0   0  1  1  0  0  0/0    11:09   0:36   0:00 
J.T. Compher             0  0  0  -1  0   1  2  3  0  0  2/5    14:13   0:20   0:00 
Joe Thornton             0  0  0   0  0   4  0  0  1  1  15/29  19:05   1:41   0:00 
John Klingberg           0  0  0  -2  0   1  2  1  2  1  0/0    27:12   2:11   0:00 
Mikko Rantanen           1  0  1   0  0   8  0  0  0  0  0/1    20:04   1:46   0:00 
Richard Panik            0  0  0  -1  0   0  1  0  0  0  0/2    14:26   0:36   0:00 
Ryan Strome              0  0  0   0  0   1  1  1  0  0  0/0    14:52   1:41   0:00 
Sam Lafferty             0  0  0   0  0   3  2  2  0  0  0/0    13:21   0:00   0:00 
Thomas Chabot            0  0  0   0  0   1  1  4  0  0  0/0    22:13   2:24   0:00 

Players Stats for Sharks

Player Name              G  A  P  +/- PIM S  H  SB GA TA FO     MP     PP MP  PK MP  
------------------------------------------------------------------------------------
Alex Pietrangelo         0  2  2   1  0   1  2  0  0  1  0/0    22:30   0:00   2:36 
Andreas Johnsson         0  0  0   0  0   0  0  1  0  0  0/0    17:09   0:00   0:00 
Boone Jenner             0  0  0   0  0   0  3  1  0  0  5/13   17:50   0:00   1:39 
Colton Sceviour          0  0  0   1  0   1  0  0  0  0  1/2    20:15   0:00   1:27 
Dylan Larkin             1  0  1   1  0   4  3  1  0  0  11/21  17:29   0:00   1:36 
Gabriel Landeskog        1  0  1   0  0   6  1  1  0  0  0/1    18:08   0:00   0:17 
Jonathan Drouin          0  0  0   0  2   1  1  0  0  1  1/1    18:00   0:00   0:00 
Jonathan Huberdeau       0  0  0   0  0   4  0  0  1  0  2/2    20:13   0:00   2:06 
Justin Braun             0  0  0  -1  0   0  2  0  0  0  0/0    22:01   0:00   1:45 
Kenny Agostino           0  0  0   0  0   0  1  0  0  0  0/0     6:09   0:00   0:00 
Mark Borowiecki          0  0  0   1  2   0  3  1  0  0  0/0    16:49   0:00   0:41 
Michael Raffl            0  0  0   0  0   0  0  0  0  0  0/0     0:09   0:00   0:00 
Robert Thomas            0  0  0   0  0   1  0  0  0  0  1/1     6:09   0:00   0:00 
Shea Theodore            0  0  0   1  0   0  2  1  0  0  0/0    23:37   0:00   2:16 
Sidney Crosby            0  0  0   0  0   2  2  0  1  0  10/12  17:00   0:00   0:00 
Teuvo Teravainen         0  1  1   1  0   3  0  2  2  0  0/0    17:24   0:00   0:51 
Tyson Barrie             0  0  0   1  0   0  0  0  0  1  0/0    14:38   0:00   0:13 
Zach Werenski            0  0  0  -1  0   0  1  0  0  0  0/0    20:30   0:00   0:25 

3 Stars

1 - Jake Allen (SJS)
2 - Dylan Larkin (SJS)
3 - Alex Pietrangelo (SJS)

Power Play

Stars - 0 on 2 Attempt(s) - 0,00%
Sharks - 0 on 0 Attempt(s) - 0,00%

Penalty Kill

Stars - 0 on 0 Attempt(s) - 0,00% - Score 0 goal in Penalty Kill
Sharks - 2 on 2 Attempt(s) - 100,00% - Score 0 goal in Penalty Kill

Team Stat

Stars - Hits : 28 - Faceoff Wins : 22 - Blocked Shots : 17 - Penalty Minutes : 0
Sharks - Hits : 21 - Faceoff Wins : 31 - Blocked Shots : 8 - Penalty Minutes : 4

Official

Referees : Brian Pochmara and Kelly Sutherland
Linesman : Ryan Gibbons and Mark Shewchyk

Game Notes

Brandon Sutter is injured at 17:08 of 3rd period (Broken Bone (Left Leg))

Finance

Level 1 -- Attendance: 4699 (78,32%) -- Ticket Income 469 900 $
Level 2 -- Attendance: 5000 (100,00%) -- Ticket Income 300 000 $
Level 3 -- Attendance: 1972 (98,60%) -- Ticket Income 69 020 $
Level 4 -- Attendance: 3932 (98,30%) -- Ticket Income 78 640 $
Luxury Box -- Attendance: 768 (76,80%) -- Ticket Income 153 600 $
Game was played at the Wananiche.
Total Attendance: 16371 (90,95%)
Total Ticket Income: 1 071 160 $
Other Income: 524 868 $
Total Income: 1 596 028 $

Stars

5 vs 5 Forward 
   Center                   Left Wing                Right Wing               Time % Phy DF OF 
 1 Joe Thornton             Mikko Rantanen           Adam Henrique            35     0   2  3  
 2 J.T. Compher             Richard Panik            Alexander Radulov        28     0   2  3  
 3 Dylan Strome             Ryan Strome              Sam Lafferty             25     0   3  2  
 4 Brandon Sutter           Danton Heinen            Gabriel Bourque          12     1   4  0  

5 vs 5 Defense 
   Defense                  Defense                                           Time % Phy DF OF 
 1 Alec Martinez            John Klingberg                                    43     1   4  0  
 2 Thomas Chabot            Chris Tanev                                       32     1   4  0  
 3 Adam Pelech              Dion Phaneuf                                      15     1   4  0  
 4 Chris Tanev              John Klingberg                                    10     1   4  0  

PowerPlay Forward 
   Center                   Left Wing                Right Wing               Time % Phy DF OF 
 1 Joe Thornton             Mikko Rantanen           Adam Henrique            60     0   0  5  
 2 Dylan Strome             Ryan Strome              Alexander Radulov        40     0   0  5  

PowerPlay Defense
   Defense                  Defense                                           Time % Phy DF OF 
 1 Thomas Chabot            John Klingberg                                    60     0   1  4  
 2 Alec Martinez            Chris Tanev                                       40     0   1  4  

Penalty Kill 4 Players Forward 
   Center                   Wing                     Time % Phy DF OF 
 1 Adam Henrique            J.T. Compher             60     1   4  0  
 2 Ryan Strome              Richard Panik            40     1   4  0  

Penalty Kill 4 Players Defense
   Defense                  Defense                  Time % Phy DF OF 
 1 Chris Tanev              Thomas Chabot            60     1   4  0  
 2 John Klingberg           Adam Pelech              40     1   4  0  

Penalty Kill - 3 Players Forward 
   Forward                                           Time % Phy DF OF 
 1 Ryan Strome                                       60     1   3  1  
 2 J.T. Compher                                      40     1   4  0  

Penalty Kill - 3 Players Defense
   Defense                  Defense                  Time % Phy DF OF 
 1 Chris Tanev              Alec Martinez            60     1   4  0  
 2 John Klingberg           Dion Phaneuf             40     1   4  0  

4 vs 4 Forward 
   Center                   Wing                     Time % Phy DF OF 
 1 Joe Thornton             Alexander Radulov        60     1   2  2  
 2 Adam Henrique            J.T. Compher             40     1   2  2  

4 vs 4 Defense
   Defense                  Defense                  Time % Phy DF OF 
 1 John Klingberg           Alec Martinez            50     1   3  1  
 2 Thomas Chabot            Chris Tanev              50     1   3  1  

Last Minutes Offensive
   Center                   Left Wing                Right Wing               Defense                  Defense                  
   Adam Henrique            Mikko Rantanen           Alexander Radulov        Thomas Chabot            John Klingberg           

Last Minutes Defensive
   Center                   Left Wing                Right Wing               Defense                  Defense                  
   J.T. Compher             Richard Panik            Ryan Strome              Alec Martinez            Chris Tanev              

Goaltenders
Starting : Jaroslav Halak           
Backup : Mikko Koskinen           

Extra Forwards
Normal : Ryan Strome, Gabriel Bourque, J.T. Compher - PP : Richard Panik, Gabriel Bourque - PK : Ryan Strome
Extra Defensemen
Normal : John Klingberg, Thomas Chabot, Adam Pelech - PP : John Klingberg - PK : Thomas Chabot, Adam Pelech
Penalty Shots
Dylan Strome, Alexander Radulov, Adam Henrique, Ryan Strome, Richard Panik
Custom OT Lines Forwards
Joe Thornton, Mikko Rantanen, Adam Henrique, Alexander Radulov, Richard Panik, Dylan Strome, J.T. Compher, Brandon Sutter, Ryan Strome, Danton Heinen
Custom OT Lines Defensemen
John Klingberg, Thomas Chabot, Alec Martinez, Adam Pelech, Chris Tanev

Scratches
Francois Beauchemin (Healthy), Martin Ouellette (Healthy)

Sharks

5 vs 5 Forward 
   Center                   Left Wing                Right Wing               Time % Phy DF OF 
 1 Sidney Crosby            Andreas Johnsson         Jonathan Huberdeau       34     0   1  4  
 2 Boone Jenner             Gabriel Landeskog        Jonathan Drouin          33     0   1  4  
 3 Dylan Larkin             Teuvo Teravainen         Colton Sceviour          33     0   1  4  
 4 Robert Thomas            Kenny Agostino           Colton Sceviour          0      0   4  1  

5 vs 5 Defense 
   Defense                  Defense                                           Time % Phy DF OF 
 1 Alex Pietrangelo         Shea Theodore                                     35     0   2  3  
 2 Justin Braun             Zach Werenski                                     35     0   2  3  
 3 Tyson Barrie             Mark Borowiecki                                   25     0   3  2  
 4 Mark Borowiecki          Shea Theodore                                     5      0   3  2  

PowerPlay Forward 
   Center                   Left Wing                Right Wing               Time % Phy DF OF 
 1 Sidney Crosby            Gabriel Landeskog        Jonathan Drouin          55     0   0  5  
 2 Dylan Larkin             Teuvo Teravainen         Jonathan Huberdeau       45     0   1  4  

PowerPlay Defense
   Defense                  Defense                                           Time % Phy DF OF 
 1 Alex Pietrangelo         Shea Theodore                                     55     0   1  4  
 2 Zach Werenski            Tyson Barrie                                      45     0   1  4  

Penalty Kill 4 Players Forward 
   Center                   Wing                     Time % Phy DF OF 
 1 Boone Jenner             Jonathan Huberdeau       55     0   5  0  
 2 Dylan Larkin             Colton Sceviour          45     0   5  0  

Penalty Kill 4 Players Defense
   Defense                  Defense                  Time % Phy DF OF 
 1 Alex Pietrangelo         Shea Theodore            55     0   5  0  
 2 Mark Borowiecki          Justin Braun             45     0   5  0  

Penalty Kill - 3 Players Forward 
   Forward                                           Time % Phy DF OF 
 1 Boone Jenner                                      55     0   5  0  
 2 Dylan Larkin                                      45     0   5  0  

Penalty Kill - 3 Players Defense
   Defense                  Defense                  Time % Phy DF OF 
 1 Alex Pietrangelo         Shea Theodore            55     0   5  0  
 2 Mark Borowiecki          Justin Braun             45     0   5  0  

4 vs 4 Forward 
   Center                   Wing                     Time % Phy DF OF 
 1 Gabriel Landeskog        Dylan Larkin             55     0   2  3  
 2 Jonathan Huberdeau       Jonathan Drouin          45     0   2  3  

4 vs 4 Defense
   Defense                  Defense                  Time % Phy DF OF 
 1 Alex Pietrangelo         Shea Theodore            55     0   3  2  
 2 Justin Braun             Mark Borowiecki          45     0   3  2  

Last Minutes Offensive
   Center                   Left Wing                Right Wing               Defense                  Defense                  
   Sidney Crosby            Gabriel Landeskog        Jonathan Huberdeau       Alex Pietrangelo         Justin Braun             

Last Minutes Defensive
   Center                   Left Wing                Right Wing               Defense                  Defense                  
   Dylan Larkin             Gabriel Landeskog        Jonathan Huberdeau       Alex Pietrangelo         Justin Braun             

Goaltenders
Starting : Jake Allen               
Backup : Darcy Kuemper            

Extra Forwards
Normal : Andreas Johnsson, Sidney Crosby, Teuvo Teravainen - PP : Andreas Johnsson, Sidney Crosby - PK : Teuvo Teravainen
Extra Defensemen
Normal : Justin Braun, Shea Theodore, Zach Werenski - PP : Alex Pietrangelo - PK : Shea Theodore, Alex Pietrangelo
Penalty Shots
Gabriel Landeskog, Dylan Larkin, Jonathan Huberdeau, Teuvo Teravainen, Boone Jenner
Custom OT Lines Forwards
Sidney Crosby, Dylan Larkin, Jonathan Huberdeau, Teuvo Teravainen, Boone Jenner, Jonathan Drouin, Andreas Johnsson, Kenny Agostino, Robert Thomas, Gabriel Landeskog
Custom OT Lines Defensemen
Alex Pietrangelo, Justin Braun, Zach Werenski, Shea Theodore, Mark Borowiecki

Scratches
Mirco Mueller (Healthy)

% Time on Ice - Stars

Lines # - Real PCT - Wanted PCT - Time Play
Normal Forward
1 - 32% - 35% - 17:24
2 - 27% - 28% - 14:43
3 - 23% - 25% - 12:56
4 - 18% - 12% - 10:05
Normal Defense
1 - 42% - 43% - 23:16
2 - 30% - 32% - 16:35
3 - 21% - 15% - 11:44
4 - 6% - 10% - 3:33
PP Forward
1 - 58% - 60% - 2:17
2 - 42% - 40% - 1:41
PP Defense
1 - 70% - 60% - 2:46
2 - 30% - 40% - 1:12
PK Forward
1 - 0% - 60%
2 - 0% - 40%
PK Defense
1 - 0% - 60%
2 - 0% - 40%
PK3 Forward
1 - 0% - 60%
2 - 0% - 40%
PK3 Defense
1 - 0% - 60%
2 - 0% - 40%
44 Forward
1 - 0% - 60%
2 - 0% - 40%
44 Defense
1 - 0% - 50%
2 - 0% - 50%
Last Minute Offensive  - 0:54
Last Minute Defensive  - 0:00
Total
Forward - 60:00
Defense - 60:00

% Time on Ice - Sharks

Lines # - Real PCT - Wanted PCT - Time Play
Normal Forward
1 - 30% - 34% - 16:45
2 - 30% - 33% - 16:29
3 - 29% - 33% - 15:44
4 - 11% - 0% - 6:09
Normal Defense
1 - 35% - 35% - 19:24
2 - 36% - 35% - 19:40
3 - 26% - 25% - 14:06
4 - 4% - 5% - 1:57
PP Forward
1 - 0% - 55%
2 - 0% - 45%
PP Defense
1 - 0% - 55%
2 - 0% - 45%
PK Forward
1 - 63% - 55% - 2:31
2 - 37% - 45% - 1:27
PK Defense
1 - 50% - 55% - 2:00
2 - 50% - 45% - 1:58
PK3 Forward
1 - 0% - 55%
2 - 0% - 45%
PK3 Defense
1 - 0% - 55%
2 - 0% - 45%
44 Forward
1 - 0% - 55%
2 - 0% - 45%
44 Defense
1 - 0% - 55%
2 - 0% - 45%
Last Minute Offensive  - 0:00
Last Minute Defensive  - 0:55
Total
Forward - 60:00
Defense - 60:00

Play-by-Play

1st period


0:01 of 1st period - Jonathan Huberdeau wins face-off versus Joe Thornton in neutral zone.
0:10 of 1st period - Snap shot by Mikko Rantanen.
0:10 of 1st period - Shot Misses the Net.
0:16 of 1st period - Snap shot by Mikko Rantanen.
0:16 of 1st period - Shot Hit the Post.
0:26 of 1st period - Alec Martinez is hit by Gabriel Landeskog and loses puck.
0:47 of 1st period - Backhand shot by Ryan Strome.
0:47 of 1st period - Stopped by Jake Allen without a rebound.
0:48 of 1st period - Dylan Larkin wins face-off versus Dylan Strome in Sharks zone.
1:11 of 1st period - Wrist shot by Dylan Larkin.
1:11 of 1st period - Stopped by Jaroslav Halak without a rebound.
1:12 of 1st period - Brandon Sutter wins face-off versus Boone Jenner in Stars zone.
2:00 of 1st period - Adam Pelech is hit by Dylan Larkin and loses puck.
2:21 of 1st period - Justin Braun is hit by Ryan Strome and loses puck.
2:42 of 1st period - Gabriel Bourque is hit by Justin Braun.
2:46 of 1st period - Gabriel Bourque is hit by Sidney Crosby.
2:50 of 1st period - Andreas Johnsson is hit by Danton Heinen and loses puck.
2:59 of 1st period - Brandon Sutter is hit by Shea Theodore and loses puck.
3:08 of 1st period - Slapshot by Chris Tanev.
3:08 of 1st period - Shot Misses the Net.
3:26 of 1st period - Wrist shot by Sidney Crosby.
3:26 of 1st period - Shot Blocked by Thomas Chabot.
3:41 of 1st period - Off-side.
3:42 of 1st period - Joe Thornton wins face-off versus Boone Jenner in neutral zone.
3:50 of 1st period - Off-side.
3:51 of 1st period - Boone Jenner wins face-off versus Joe Thornton in neutral zone.
4:46 of 1st period - Wrist shot by Adam Henrique.
4:46 of 1st period - Shot Misses the Net.
4:56 of 1st period - Snap shot by Adam Henrique.
4:56 of 1st period - Shot Blocked by Boone Jenner.
5:08 of 1st period - Snap shot by Mikko Rantanen.
5:08 of 1st period - Stopped by Jake Allen with a rebound.
5:10 of 1st period - Wrist shot by Mikko Rantanen.
5:10 of 1st period - Stopped by Jake Allen without a rebound.
5:11 of 1st period - Dylan Larkin wins face-off versus J.T. Compher in Sharks zone.
5:11 of 1st period - Dylan Larkin is hit by Richard Panik.
5:26 of 1st period - Off-side.
5:27 of 1st period - Sidney Crosby wins face-off versus Dylan Strome in neutral zone.
5:34 of 1st period - Slapshot by Sidney Crosby.
5:34 of 1st period - Shot Misses the Net.
5:36 of 1st period - Slapshot by Andreas Johnsson.
5:36 of 1st period - Shot Misses the Net.
5:38 of 1st period - Wrist shot by Tyson Barrie.
5:38 of 1st period - Shot Blocked by Thomas Chabot.
5:40 of 1st period - Snap shot by Tyson Barrie.
5:40 of 1st period - Shot Blocked by Ryan Strome.
5:42 of 1st period - Slapshot by Jonathan Huberdeau.
5:42 of 1st period - Shot Misses the Net.
5:44 of 1st period - Wrist shot by Andreas Johnsson.
5:44 of 1st period - Shot Blocked by Sam Lafferty.
5:54 of 1st period - Dylan Larkin is hit by Alexander Radulov.
6:02 of 1st period - Snap shot by Dylan Larkin.
6:02 of 1st period - Deflect By Teuvo Teravainen.
6:02 of 1st period - Shot Blocked by Chris Tanev.
6:02 of 1st period - Puck is out of play.
6:03 of 1st period - J.T. Compher wins face-off versus Dylan Larkin in Stars zone.
6:18 of 1st period - Wrist shot by Alexander Radulov.
6:18 of 1st period - Stopped by Jake Allen with a rebound.
6:40 of 1st period - Snap shot by Dylan Strome.
6:40 of 1st period - Stopped by Jake Allen without a rebound.
6:41 of 1st period - Joe Thornton wins face-off versus Boone Jenner in Sharks zone.
6:56 of 1st period - Slapshot by Gabriel Landeskog.
6:56 of 1st period - Stopped by Jaroslav Halak with a rebound.
7:13 of 1st period - Slapshot by Alexander Radulov.
7:13 of 1st period - Stopped by Jake Allen without a rebound.
7:14 of 1st period - Dylan Strome wins face-off versus Dylan Larkin in Sharks zone.
7:45 of 1st period - Slapshot by Jonathan Huberdeau.
7:45 of 1st period - Shot Misses the Net.
8:20 of 1st period - Zach Werenski is hit by Chris Tanev and loses puck.
8:23 of 1st period - Backhand shot by Kenny Agostino.
8:23 of 1st period - Deflect By Colton Sceviour.
8:23 of 1st period - Shot Blocked by Thomas Chabot.
8:23 of 1st period - Puck is out of play.
8:24 of 1st period - Robert Thomas wins face-off versus Dylan Strome in Stars zone.
8:29 of 1st period - Snap shot by Alex Pietrangelo.
8:29 of 1st period - Shot Blocked by Adam Pelech.
8:31 of 1st period - Slapshot by Alex Pietrangelo.
8:31 of 1st period - Shot Blocked by Sam Lafferty.
8:33 of 1st period - Snap shot by Colton Sceviour.
8:33 of 1st period - Stopped by Jaroslav Halak with a rebound.
8:35 of 1st period - Slapshot by Shea Theodore.
8:35 of 1st period - Deflect By Colton Sceviour.
8:35 of 1st period - Shot Misses the Net.
8:35 of 1st period - Puck is out of play.
8:36 of 1st period - J.T. Compher wins face-off versus Dylan Larkin in Stars zone.
8:42 of 1st period - Shea Theodore is hit by J.T. Compher and loses puck.
8:53 of 1st period - Wrist shot by J.T. Compher.
8:53 of 1st period - Deflect By Alexander Radulov.
8:53 of 1st period - Shot Misses the Net.
8:53 of 1st period - Puck is out of play.
8:54 of 1st period - Sidney Crosby wins face-off versus Joe Thornton in Sharks zone.
9:27 of 1st period - Wrist shot by Jonathan Drouin.
9:27 of 1st period - Shot Misses the Net.
9:29 of 1st period - Wrist shot by Gabriel Landeskog.
9:29 of 1st period - Shot Misses the Net.
9:55 of 1st period - Wrist shot by Mikko Rantanen.
9:55 of 1st period - Shot Misses the Net.
10:19 of 1st period - Snap shot by Gabriel Landeskog.
10:19 of 1st period - Shot Misses the Net.
10:25 of 1st period - Wrist shot by Mikko Rantanen.
10:25 of 1st period - Shot Misses the Net.
10:45 of 1st period - Slapshot by Gabriel Landeskog.
10:45 of 1st period - Stopped by Jaroslav Halak without a rebound.
10:46 of 1st period - Dylan Strome wins face-off versus Dylan Larkin in Stars zone.
10:59 of 1st period - Slapshot by Teuvo Teravainen.
10:59 of 1st period - Stopped by Jaroslav Halak with a rebound.
11:59 of 1st period - Jonathan Huberdeau is hit by Dion Phaneuf and loses puck.
12:18 of 1st period - Justin Braun is hit by Gabriel Bourque.
13:02 of 1st period - Alex Pietrangelo is hit by John Klingberg.
14:12 of 1st period - Richard Panik is hit by Kenny Agostino.
14:24 of 1st period - Justin Braun is hit by Dylan Strome and loses puck.
14:35 of 1st period - Brandon Sutter is hit by Boone Jenner and loses puck.
14:50 of 1st period - Colton Sceviour is hit by Alec Martinez and loses puck.
16:27 of 1st period - Kenny Agostino is hit by Alexander Radulov and loses puck.
16:45 of 1st period - Gabriel Landeskog is hit by Alec Martinez and loses puck.
17:01 of 1st period - Adam Henrique is hit by Sidney Crosby and loses puck.
17:16 of 1st period - Gabriel Bourque is hit by Dylan Larkin.
18:09 of 1st period - Mark Borowiecki is hit by Danton Heinen and loses puck.
18:44 of 1st period - Icing by Mark Borowiecki.
18:45 of 1st period - Sidney Crosby wins face-off versus J.T. Compher in Sharks zone.
18:50 of 1st period - Snap shot by Sidney Crosby.
18:50 of 1st period - Shot Misses the Net.
18:52 of 1st period - Slapshot by Mark Borowiecki.
18:52 of 1st period - Shot Misses the Net.
18:54 of 1st period - Slapshot by Jonathan Huberdeau.
18:54 of 1st period - Shot Blocked by J.T. Compher.
18:56 of 1st period - Snap shot by Jonathan Huberdeau.
18:56 of 1st period - Stopped by Jaroslav Halak without a rebound.
18:57 of 1st period - Dylan Larkin wins face-off versus Joe Thornton in Stars zone.
19:02 of 1st period - Wrist shot by Teuvo Teravainen.
19:02 of 1st period - Stopped by Jaroslav Halak without a rebound.
19:03 of 1st period - Dylan Larkin wins face-off versus Joe Thornton in Stars zone.
19:19 of 1st period - Colton Sceviour is hit by Adam Henrique and loses puck.
19:50 of 1st period - Snap shot by Gabriel Landeskog.
19:50 of 1st period - Shot Misses the Net.
19:56 of 1st period - Slapshot by Jonathan Drouin.
19:56 of 1st period - Shot Misses the Net.
Goals for this period are 0 for Stars vs 0 for Sharks.
Shots for this period are 6 for Stars vs 7 for Sharks.

2nd period


0:01 of 2nd period - Dylan Larkin wins face-off versus Joe Thornton in neutral zone.
0:35 of 2nd period - Snap shot by Gabriel Landeskog.
0:35 of 2nd period - Stopped by Jaroslav Halak with a rebound.
0:37 of 2nd period - Wrist shot by Boone Jenner.
0:37 of 2nd period - Shot Misses the Net.
0:39 of 2nd period - Slapshot by Boone Jenner.
0:39 of 2nd period - Deflect By Gabriel Landeskog.
0:39 of 2nd period - Shot Misses the Net.
0:39 of 2nd period - Puck is out of play.
0:40 of 2nd period - Sidney Crosby wins face-off versus Richard Panik in Stars zone.
0:49 of 2nd period - Andreas Johnsson is hit by J.T. Compher and loses puck.
1:27 of 2nd period - Chris Tanev is hit by Boone Jenner and loses puck.
1:34 of 2nd period - Snap shot by Gabriel Landeskog.
1:34 of 2nd period - Stopped by Jaroslav Halak without a rebound.
1:35 of 2nd period - Sidney Crosby wins face-off versus Alexander Radulov in Stars zone.
1:44 of 2nd period - Wrist shot by Jonathan Huberdeau.
1:44 of 2nd period - Shot Misses the Net.
1:46 of 2nd period - Snap shot by Jonathan Huberdeau.
1:46 of 2nd period - Stopped by Jaroslav Halak with a rebound.
1:48 of 2nd period - Snap shot by Sidney Crosby.
1:48 of 2nd period - Shot Misses the Net.
2:02 of 2nd period - Colton Sceviour is hit by Alec Martinez and loses puck.
2:48 of 2nd period - Wrist shot by Brandon Sutter.
2:48 of 2nd period - Shot Misses the Net.
3:19 of 2nd period - Zach Werenski is hit by Adam Pelech and loses puck.
3:26 of 2nd period - Wrist shot by Joe Thornton.
3:26 of 2nd period - Stopped by Jake Allen with a rebound.
3:28 of 2nd period - Slapshot by Dion Phaneuf.
3:28 of 2nd period - Stopped by Jake Allen with a rebound.
4:11 of 2nd period - Snap shot by Sam Lafferty.
4:11 of 2nd period - Shot Blocked by Mark Borowiecki.
4:19 of 2nd period - Icing by Sidney Crosby.
4:20 of 2nd period - Joe Thornton wins face-off versus Sidney Crosby in Sharks zone.
4:25 of 2nd period - Wrist shot by Mikko Rantanen.
4:25 of 2nd period - Stopped by Jake Allen without a rebound.
4:26 of 2nd period - Jonathan Huberdeau wins face-off versus Joe Thornton in Sharks zone.
4:31 of 2nd period - Slapshot by Alex Pietrangelo.
4:31 of 2nd period - Shot Blocked by John Klingberg.
4:33 of 2nd period - Wrist shot by Jonathan Huberdeau.
4:33 of 2nd period - Stopped by Jaroslav Halak without a rebound.
4:34 of 2nd period - Sidney Crosby wins face-off versus Joe Thornton in Stars zone.
5:03 of 2nd period - Slapshot by Dylan Larkin.
5:03 of 2nd period - Shot Misses the Net.
5:45 of 2nd period - Slapshot by Alex Pietrangelo.
5:45 of 2nd period - Stopped by Jaroslav Halak with a rebound.
5:59 of 2nd period - Colton Sceviour is hit by Brandon Sutter and loses puck.
6:26 of 2nd period - Wrist shot by Dylan Larkin.
6:26 of 2nd period - Shot Blocked by Thomas Chabot.
6:34 of 2nd period - Dylan Larkin is hit by Danton Heinen.
7:06 of 2nd period - Wrist shot by Danton Heinen.
7:06 of 2nd period - Shot Misses the Net.
7:08 of 2nd period - Wrist shot by Chris Tanev.
7:08 of 2nd period - Deflect By Teuvo Teravainen.
7:08 of 2nd period - Stopped by Jake Allen with a rebound.
7:10 of 2nd period - Snap shot by Danton Heinen.
7:10 of 2nd period - Shot Misses the Net.
7:12 of 2nd period - Slapshot by Chris Tanev.
7:12 of 2nd period - Deflect By Brandon Sutter.
7:12 of 2nd period - Shot Blocked by Teuvo Teravainen.
7:12 of 2nd period - Puck is out of play.
7:13 of 2nd period - Sidney Crosby wins face-off versus Joe Thornton in Sharks zone.
7:28 of 2nd period - Snap shot by Joe Thornton.
7:28 of 2nd period - Shot Blocked by Andreas Johnsson.
7:45 of 2nd period - Minor Penalty to Mark Borowiecki for Hooking.
7:46 of 2nd period - Joe Thornton wins face-off versus Boone Jenner in Sharks zone.
8:00 of 2nd period - Snap shot by Joe Thornton.
8:00 of 2nd period - Stopped by Jake Allen without a rebound.
8:01 of 2nd period - Joe Thornton wins face-off versus Boone Jenner in Sharks zone.
8:02 of 2nd period - Snap shot by Mikko Rantanen.
8:02 of 2nd period - Shot Misses the Net.
8:06 of 2nd period - Snap shot by Adam Henrique.
8:06 of 2nd period - Stopped by Jake Allen without a rebound.
8:07 of 2nd period - Boone Jenner wins face-off versus Adam Henrique in Sharks zone.
9:45 of 2nd period - Penalty to Mark Borowiecki is over, Mark Borowiecki is back on ice.
10:56 of 2nd period - Zach Werenski is hit by Danton Heinen and loses puck.
12:56 of 2nd period - Slapshot by Brandon Sutter.
12:56 of 2nd period - Stopped by Jake Allen without a rebound.
12:57 of 2nd period - Dylan Larkin wins face-off versus J.T. Compher in Sharks zone.
13:02 of 2nd period - J.T. Compher is hit by Justin Braun.
13:23 of 2nd period - Andreas Johnsson is hit by Sam Lafferty and loses puck.
13:42 of 2nd period - Slapshot by Joe Thornton.
13:42 of 2nd period - Stopped by Jake Allen without a rebound.
13:43 of 2nd period - Joe Thornton wins face-off versus Dylan Larkin in Sharks zone.
13:44 of 2nd period - Snap shot by Mikko Rantanen.
13:44 of 2nd period - Stopped by Jake Allen with a rebound.
13:46 of 2nd period - Wrist shot by Adam Henrique.
13:46 of 2nd period - Deflect By Mikko Rantanen.
13:46 of 2nd period - Shot Blocked by Dylan Larkin.
13:46 of 2nd period - Puck is out of play.
13:47 of 2nd period - Joe Thornton wins face-off versus Dylan Larkin in Sharks zone.
13:48 of 2nd period - Slapshot by Mikko Rantanen.
13:48 of 2nd period - Stopped by Jake Allen without a rebound.
13:49 of 2nd period - Joe Thornton wins face-off versus Dylan Larkin in Sharks zone.
13:52 of 2nd period - Snap shot by Adam Henrique.
13:52 of 2nd period - Stopped by Jake Allen with a rebound.
13:54 of 2nd period - Wrist shot by Adam Henrique.
13:54 of 2nd period - Stopped by Jake Allen with a rebound.
15:06 of 2nd period - Joe Thornton is hit by Alex Pietrangelo and loses puck.
15:27 of 2nd period - Slapshot by Dylan Larkin.
15:27 of 2nd period - Stopped by Jaroslav Halak with a rebound.
15:29 of 2nd period - Snap shot by Teuvo Teravainen.
15:29 of 2nd period - Shot Misses the Net.
15:31 of 2nd period - Snap shot by Teuvo Teravainen.
15:31 of 2nd period - Shot Misses the Net.
15:33 of 2nd period - Slapshot by Teuvo Teravainen.
15:33 of 2nd period - Stopped by Jaroslav Halak without a rebound.
15:34 of 2nd period - Boone Jenner wins face-off versus Dylan Strome in Stars zone.
15:35 of 2nd period - Snap shot by Gabriel Landeskog.
15:35 of 2nd period - Shot Misses the Net.
15:41 of 2nd period - Wrist shot by Gabriel Landeskog.
15:41 of 2nd period - Stopped by Jaroslav Halak with a rebound.
16:25 of 2nd period - Wrist shot by Jonathan Huberdeau.
16:25 of 2nd period - Shot Blocked by Dion Phaneuf.
16:27 of 2nd period - Wrist shot by Jonathan Huberdeau.
16:27 of 2nd period - Deflect By Sidney Crosby.
16:27 of 2nd period - Shot Misses the Net.
16:27 of 2nd period - Puck is out of play.
16:28 of 2nd period - Sidney Crosby wins face-off versus Richard Panik in Stars zone.
16:33 of 2nd period - Slapshot by Jonathan Huberdeau.
16:33 of 2nd period - Shot Misses the Net.
16:35 of 2nd period - Snap shot by Andreas Johnsson.
16:35 of 2nd period - Shot Blocked by J.T. Compher.
16:37 of 2nd period - Wrist shot by Andreas Johnsson.
16:37 of 2nd period - Shot Misses the Net.
16:39 of 2nd period - Wrist shot by Tyson Barrie.
16:39 of 2nd period - Deflect By Sidney Crosby.
16:39 of 2nd period - Shot Blocked by Alexander Radulov.
16:39 of 2nd period - Puck is out of play.
16:40 of 2nd period - Sidney Crosby wins face-off versus Joe Thornton in Stars zone.
16:53 of 2nd period - Wrist shot by Sidney Crosby.
16:53 of 2nd period - Stopped by Jaroslav Halak with a rebound.
17:05 of 2nd period - Alec Martinez is hit by Jonathan Drouin and loses puck.
17:10 of 2nd period - Slapshot by Gabriel Landeskog.
17:10 of 2nd period - Goal by Gabriel Landeskog - Stars : 0 - Sharks : 1.
17:11 of 2nd period - Joe Thornton wins face-off versus Dylan Larkin in neutral zone.
17:16 of 2nd period - Wrist shot by Adam Henrique.
17:16 of 2nd period - Deflect By Dylan Larkin.
17:16 of 2nd period - Shot Misses the Net.
17:16 of 2nd period - Puck is out of play.
17:17 of 2nd period - Joe Thornton wins face-off versus Dylan Larkin in Sharks zone.
17:32 of 2nd period - Snap shot by Dylan Larkin.
17:32 of 2nd period - Goal by Dylan Larkin - Stars : 0 - Sharks : 2.
17:33 of 2nd period - Joe Thornton wins face-off versus Boone Jenner in neutral zone.
17:38 of 2nd period - Snap shot by Mikko Rantanen.
17:38 of 2nd period - Stopped by Jake Allen with a rebound.
18:35 of 2nd period - Wrist shot by Jonathan Huberdeau.
18:35 of 2nd period - Stopped by Jaroslav Halak without a rebound.
18:36 of 2nd period - Dylan Larkin wins face-off versus Mikko Rantanen in Stars zone.
19:52 of 2nd period - Snap shot by Richard Panik.
19:52 of 2nd period - Shot Misses the Net.
Goals for this period are 0 for Stars vs 2 for Sharks.
Shots for this period are 13 for Stars vs 12 for Sharks.

3rd period


0:01 of 3rd period - Joe Thornton wins face-off versus Colton Sceviour in neutral zone.
0:10 of 3rd period - Slapshot by Adam Henrique.
0:10 of 3rd period - Shot Misses the Net.
1:15 of 3rd period - Off-side.
1:16 of 3rd period - Boone Jenner wins face-off versus Joe Thornton in neutral zone.
1:27 of 3rd period - Snap shot by Mikko Rantanen.
1:27 of 3rd period - Goal by Mikko Rantanen - Stars : 1 - Sharks : 2.
1:28 of 3rd period - Dylan Larkin wins face-off versus Joe Thornton in neutral zone.
1:54 of 3rd period - Jonathan Drouin is hit by John Klingberg and loses puck.
2:30 of 3rd period - Snap shot by Sam Lafferty.
2:30 of 3rd period - Shot Misses the Net.
3:23 of 3rd period - Snap shot by Sam Lafferty.
3:23 of 3rd period - Stopped by Jake Allen with a rebound.
3:25 of 3rd period - Wrist shot by Sam Lafferty.
3:25 of 3rd period - Stopped by Jake Allen without a rebound.
3:26 of 3rd period - Dylan Larkin wins face-off versus Dylan Strome in Sharks zone.
3:26 of 3rd period - Dylan Larkin is hit by Sam Lafferty.
3:37 of 3rd period - Off-side.
3:38 of 3rd period - Joe Thornton wins face-off versus Boone Jenner in neutral zone.
3:45 of 3rd period - Snap shot by Joe Thornton.
3:45 of 3rd period - Stopped by Jake Allen with a rebound.
3:53 of 3rd period - Wrist shot by Alex Pietrangelo.
3:53 of 3rd period - Shot Misses the Net.
3:55 of 3rd period - Wrist shot by Jonathan Drouin.
3:55 of 3rd period - Shot Blocked by Adam Henrique.
4:29 of 3rd period - Chris Tanev is hit by Dylan Larkin and loses puck.
5:00 of 3rd period - Icing by Danton Heinen.
5:01 of 3rd period - Brandon Sutter wins face-off versus Sidney Crosby in Stars zone.
5:08 of 3rd period - Backhand shot by Sidney Crosby.
5:08 of 3rd period - Shot Blocked by Gabriel Bourque.
5:14 of 3rd period - Sidney Crosby is hit by Brandon Sutter and loses puck.
5:45 of 3rd period - Danton Heinen is hit by Mark Borowiecki and loses puck.
6:07 of 3rd period - Slapshot by Sidney Crosby.
6:07 of 3rd period - Stopped by Jaroslav Halak with a rebound.
6:29 of 3rd period - Slapshot by Dion Phaneuf.
6:29 of 3rd period - Stopped by Jake Allen without a rebound.
6:30 of 3rd period - Colton Sceviour wins face-off versus Joe Thornton in Sharks zone.
7:02 of 3rd period - Sam Lafferty is hit by Boone Jenner and loses puck.
7:21 of 3rd period - Slapshot by Zach Werenski.
7:21 of 3rd period - Shot Blocked by J.T. Compher.
9:36 of 3rd period - Gabriel Landeskog is hit by Alexander Radulov and loses puck.
10:16 of 3rd period - Wrist shot by Thomas Chabot.
10:16 of 3rd period - Stopped by Jake Allen without a rebound.
10:17 of 3rd period - Boone Jenner wins face-off versus Brandon Sutter in Sharks zone.
11:00 of 3rd period - Snap shot by Joe Thornton.
11:00 of 3rd period - Shot Blocked by Gabriel Landeskog.
11:02 of 3rd period - Wrist shot by Joe Thornton.
11:02 of 3rd period - Shot Blocked by Shea Theodore.
11:44 of 3rd period - Snap shot by Alexander Radulov.
11:44 of 3rd period - Deflect By J.T. Compher.
11:44 of 3rd period - Stopped by Jake Allen without a rebound.
11:45 of 3rd period - Joe Thornton wins face-off versus Boone Jenner in Sharks zone.
11:52 of 3rd period - Slapshot by Joe Thornton.
11:52 of 3rd period - Shot Misses the Net.
11:54 of 3rd period - Slapshot by John Klingberg.
11:54 of 3rd period - Stopped by Jake Allen without a rebound.
11:55 of 3rd period - Joe Thornton wins face-off versus Gabriel Landeskog in Sharks zone.
13:15 of 3rd period - Minor Penalty to Jonathan Drouin for Hooking.
13:16 of 3rd period - Dylan Larkin wins face-off versus Dylan Strome in Sharks zone.
13:26 of 3rd period - Wrist shot by Alexander Radulov.
13:26 of 3rd period - Shot Misses the Net.
13:42 of 3rd period - Thomas Chabot is hit by Alex Pietrangelo and loses puck.
14:01 of 3rd period - Richard Panik is hit by Mark Borowiecki.
14:48 of 3rd period - Alec Martinez is hit by Mark Borowiecki and loses puck.
15:15 of 3rd period - Penalty to Jonathan Drouin is over, Jonathan Drouin is back on ice.
15:21 of 3rd period - Wrist shot by Colton Sceviour.
15:21 of 3rd period - Deflect By Jonathan Drouin.
15:21 of 3rd period - Stopped by Jaroslav Halak with a rebound.
15:53 of 3rd period - Dion Phaneuf is hit by Zach Werenski and loses puck.
16:00 of 3rd period - Zach Werenski is hit by Thomas Chabot and loses puck.
16:31 of 3rd period - Snap shot by Robert Thomas.
16:31 of 3rd period - Stopped by Jaroslav Halak with a rebound.
17:07 of 3rd period - Brandon Sutter is hit by Shea Theodore and loses puck.
17:08 of 3rd period - Brandon Sutter from Stars is injured at 17:08 of 3rd period (Broken Bone (Left Leg)).
17:09 of 3rd period - Dylan Strome wins face-off versus Dylan Larkin in Stars zone.
17:14 of 3rd period - Wrist shot by Sam Lafferty.
17:14 of 3rd period - Shot Misses the Net.
17:16 of 3rd period - Snap shot by Alec Martinez.
17:16 of 3rd period - Stopped by Jake Allen without a rebound.
17:17 of 3rd period - Dylan Larkin wins face-off versus Dylan Strome in Sharks zone.
17:26 of 3rd period - Snap shot by Dylan Larkin.
17:26 of 3rd period - Stopped by Jaroslav Halak with a rebound.
17:36 of 3rd period - Dylan Larkin is hit by Alec Martinez and loses puck.
18:31 of 3rd period - Snap shot by Sam Lafferty.
18:31 of 3rd period - Stopped by Jake Allen with a rebound.
18:33 of 3rd period - Snap shot by Dylan Strome.
18:33 of 3rd period - Stopped by Jake Allen with a rebound.
18:35 of 3rd period - Wrist shot by Sam Lafferty.
18:35 of 3rd period - Shot Misses the Net.
18:37 of 3rd period - Snap shot by Sam Lafferty.
18:37 of 3rd period - Shot Misses the Net.
18:39 of 3rd period - Wrist shot by Ryan Strome.
18:39 of 3rd period - Shot Blocked by Teuvo Teravainen.
18:41 of 3rd period - Slapshot by Dylan Strome.
18:41 of 3rd period - Stopped by Jake Allen without a rebound.
18:42 of 3rd period - Sidney Crosby wins face-off versus Joe Thornton in Sharks zone.
19:29 of 3rd period - Wrist shot by Mikko Rantanen.
19:29 of 3rd period - Stopped by Jake Allen without a rebound.
19:30 of 3rd period - Gerald Gallant call a timeout for Stars.
19:30 of 3rd period - Jonathan Drouin wins face-off versus Adam Henrique in Sharks zone.
19:41 of 3rd period - Slapshot by Gabriel Landeskog.
19:41 of 3rd period - Shot Misses the Net.
Goals for this period are 1 for Stars vs 0 for Sharks.
Shots for this period are 13 for Stars vs 4 for Sharks. Output by the SimonT Hockey Simulator (STHS) for Alexandre Lamarre - Original Page W3C HTML5 Valid
Hockey Simulator - Hockey Simulation - Hockey Manager